 Dungeon Crawl Stone Soup version 0.22-a0-448-g1fb7470 (webtiles) character file.

200 iamserjio the Sneak (level 5, -1/36 HPs)
             Began as an Octopode Assassin on June 4, 2018.
             Slain by an ogre
             ... wielding a +0 giant spiked club
              (23 damage)
             ... on level 4 of the Dungeon.
             The game lasted 00:04:45 (2529 turns).

iamserjio the Sneak (Octopode Assassin)             Turns: 2529, Time: 00:04:46

Health: -1/36      AC:  1    Str: 10    XL:     5   Next: 79%
Magic:  5/5        EV:  9    Int: 14    God:
Gold:   216        SH:  9    Dex: 14    Spells: 4/4 levels left

rFire    . . .     SeeInvis .   a - +2 dagger
rCold    . . .     Gourm    .   v - +0 large shield
rNeg     . . .     Faith    .   (helmet restricted)
rPois    .         Spirit   .   (no amulet)
rElec    .         Reflect  .   (no ring)
rCorr    .         Harm     .   (no ring)
MR       .....                  (no ring)
Stlth    ++++......             (no ring)
HPRegen  0.12/turn              (no ring)
MPRegen  0.09/turn              (no ring)
                                (no ring)
                                (no ring)

@: no status effects
A: almost no armour, stealthy swim, amphibious, 8 rings, constrict 8, camouflage
1, gelatinous body 1
a: no special abilities


You were on level 4 of the Dungeon.
You were not hungry.

You visited 1 branch of the dungeon, and saw 4 of its levels.

You collected 216 gold pieces.

Inventory:

Hand Weapons
 a - a +2 dagger (weapon)
 b - a +0 blowgun
Missiles
 c - 8 poisoned needles
 d - 2 curare-tipped needles
 l - 53 stones (quivered)
 s - 8 javelins
Armour
 v - a +0 large shield (worn)
Jewellery
 e - an uncursed ring of protection from fire {unknown}
 i - an uncursed ring of protection from fire {unknown}
 u - the ring "Faseg" {MR+ Str+4, unknown}
   (You found it on level 4 of the Dungeon)

   [ring of strength]

   It affects your strength (+4).
   It affects your resistance to hostile enchantments.
Scrolls
 g - a scroll of blinking {unknown}
 k - 2 scrolls of teleportation {unknown}
 m - 4 scrolls of identify {unknown}
 n - a scroll of enchant armour {unknown}
 o - a scroll of noise {unknown}
 p - 2 scrolls of magic mapping {unknown}
 r - a scroll of fear {unknown}
Potions
 h - a potion of heal wounds {unknown}
 j - 2 potions of mutation {unknown}
 t - a potion of degeneration {unknown}
Comestibles
 f - 5 rations
 q - 2 chunks of flesh


   Skills:
 + Level 3.0 Fighting
 * Level 3.7 Short Blades
 - Level 2.0 Throwing
 * Level 3.1 Dodging
 + Level 6.1 Stealth
 + Level 0.0 Shields


You had 4 spell levels left.
You didn't know any spells.
Your spell library was empty.

Dungeon Overview and Level Annotations

Branches:
Dungeon (4/15)
 Temple: D:4-7

Altars:
Wu Jian

Annotations:
D:3 iamserjio's ghost, amateur MiCK


Innate Abilities, Weirdness & Mutations

You cannot wear most types of armour.
You are very stealthy in the water. (Stealth+)
You are amphibious.
You can wear up to eight rings at the same time.
You can use your tentacles to constrict eight enemies at once.
Your skin changes colour to match your surroundings (Stealth+).
Your rubbery body absorbs attacks. (AC +1, EV +1)


Message History

You continue putting on your large shield. x4
You finish putting on your +0 large shield.
An ogre comes into view. It is wielding a giant spiked club.
Found a green potion and a blackened sapphire ring.
An ogre is nearby!
An ogre is nearby!
Found 6 gold pieces.
The ogre shouts!
You hear a shout!
The ogre barely misses you.
You hit the ogre.
The ogre is lightly wounded.
An orc comes into view. It is wielding a club.
The ogre hits you with a giant spiked club!
A howler monkey comes into view.
The howler monkey howls! 2 jackals come into view.
There is a stone staircase leading up here.
The ogre hits you with a giant spiked club!!
Ouch! That really hurt!
You die...

#. .... #h #...###### #h
#........#### #. #...##
#..... #. ##....# ##....
#..###.####.....####....
#.......##......##......
...#@...####....#....
.##.#.O..##......#....
.h........#..####....##
............######.#...
...........####....###(
.............#..#### ..
...............## ..#
........>......# .##.
..##...#.......####.#..


You could see an ogre and 2 jackals.

Vanquished Creatures
  An orc priest (D:2)
  An orc wizard (D:2)
  A worker ant (D:4)
  Robin (D:2)
  2 oozes
  A worm (D:2)
  4 dart slugs
  2 leopard geckos (D:1)
  4 orcs
  4 ball pythons
  6 bats
  A giant cockroach (D:1)
  17 goblins
  10 hobgoblins
  5 jackals (D:1)
  A quokka (D:3)
  3 frilled lizards
  8 kobolds
  11 rats
83 creatures vanquished.

Notes
Turn   | Place    | Note
-------+----------+-------------------------------------------
     0 | D:1      | iamserjio the Octopode Assassin began the quest for the Orb.
     0 | D:1      | Reached XP level 1. HP: 14/14 MP: 1/1
    47 | D:1      | Reached XP level 2. HP: 17/19 MP: 2/2
   373 | D:1      | Reached XP level 3. HP: 24/24 MP: 3/3
  1054 | D:2      | Reached XP level 4. HP: 30/30 MP: 4/4
  1070 | D:2      | Reached XP level 5. HP: 33/35 MP: 5/5
  1398 | D:2      | Noticed Robin
  1590 | D:2      | Killed Robin
  1590 | D:2      | Reached skill level 6 in Stealth
  1987 | D:2      | Found an ornate altar of the Wu Jian Council.
  2383 | D:3      | Noticed iamserjio's ghost (amateur MiCK)
  2429 | D:4      | Got a coiled steel ring
  2500 | D:4      | Noticed an ogre
  2529 | D:4      | Slain by an ogre

Vault maps used:
D:1:      dpeg_arrival_more_subterranean_lakeside_camping,
          kennysheep_decorative_pillar
D:2:      lemuel_round_altar, uniq_robin
D:4:      first_ration

Skill      XL: |  1  2  3  4  5 |
---------------+----------------+-----
Dodging        | 2 3 |  3.1
Short Blades   | 3 |  3.7
Stealth        | 6 |  6.1
Fighting       | 3 |  3.0
Throwing       | |  2.0

Action                   |  1- 3 |  4- 6 || total
-------------------------+-------+-------++-------
Melee: Dagger            |    62 |    87 ||   149
       Constrict         |    19 |    10 ||    29
       Tentacles         |     7 |    13 ||    20
Throw: Stone             |       |     4 ||     4
 Stab: Sleeping          |    15 |     8 ||    23
       Distracted        |     1 |       ||     1
  Eat: Chunk             |       |     5 ||     5
Armor: Skin              |     4 |     4 ||     8
Dodge: Dodged            |    28 |    44 ||    72

Table legend:
 A = Spawn XP
 B = Non-spawn XP
 C = Spawn XP percentage of total XP
 D = Spawn monster count
 E = Non-spawn monster count
 F = Spawn count percentage of total count
 G = Total turns spent on level
                    A         B        C        D         E        F      G
               +---------+---------+-------+---------+---------+-------+---------
         Total |       0 |     287 |   0.0 |       0 |      83 |   0.0 |  2529
               +---------+---------+-------+---------+---------+-------+---------
           D:1 |       0 |      72 |   0.0 |       0 |      37 |   0.0 |  1024
           D:2 |       0 |     168 |   0.0 |       0 |      37 |   0.0 |   978
           D:3 |       0 |      12 |   0.0 |       0 |       7 |   0.0 |   411
           D:4 |       0 |      35 |   0.0 |       0 |       2 |   0.0 |   116
               +---------+---------+-------+---------+---------+-------+---------
